 Dungeon Crawl Stone Soup version 0.30-a0-622-gddc90eaa04 (webtiles) character file.

Game seed: 9021095765246722459

25 Dirtsage the Insei (level 3, -3/23 HPs)
             Began as an Octopode Transmuter on Jan 10, 2023.
             Slain by an orc
             ... wielding a +0 hand axe
              (4 damage)
             ... on level 2 of the Dungeon.
             The game lasted 00:01:26 (973 turns).

Dirtsage the Insei (Octopode Transmuter)             Turns: 973, Time: 00:01:26

Health: -3/23      AC:  1    Str:  9    XL:     3   Next: 6%
Magic:  5/6        EV: 13    Int: 17    God:
Gold:   55         SH:  0    Dex: 12    Spells: 5/6 levels left

rFire   . . .      SeeInvis .      - Unarmed
rCold   . . .      Faith    .    (no shield)
rNeg    . . .      Spirit   .    (helmet currently unavailable)
rPois   .          Reflect  .    (no amulet)
rElec   .          Harm     .    (no ring)
rCorr   .          Rampage  .    (no ring)
Will    .....                    (no ring)
Stlth   ++                       (no ring)
HPRegen 0.23/turn                (no ring)
MPRegen 0.10/turn                (no ring)
                                 (no ring)
                                 (no ring)

@: appendages (expiring)
A: tentacle spike 3, almost no armour, amphibious, 8 rings, camouflage 1,
gelatinous body 1, (nimble swimmer 1), tentacles
a: End Transformation


You were on level 2 of the Dungeon.
One of your tentacles had grown a beastly spike.
You visited 1 branch of the dungeon, and saw 2 of its levels.

You collected 55 gold pieces.

Inventory:

Scrolls
 c - 2 scrolls of poison {unknown}
 d - 2 scrolls of teleportation {unknown}
 e - 2 scrolls of identify {unknown}
 f - a scroll of enchant weapon {unknown}
 g - a scroll of amnesia {unknown}
Potions
 a - a potion of lignification
 b - 3 potions of curing {unknown}
 h - a potion of berserk rage {unknown}


   Skills:
 - Level 1.0 Fighting
 - Level 2.0 Dodging
 - Level 3.0 Unarmed Combat
 - Level 2.0 Spellcasting
 * Level 2.8 Transmutations
 * Level 1.7 Ice Magic


You had 5 spell levels left.
You knew the following spells:

 Your Spells              Type           Power      Damage    Failure   Level
a - Beastly Appendage     Tmut           22%        N/A       6%          1

Your spell library contained the following spells:

 Spells                   Type           Power      Damage    Failure   Level
 Wereblood                Tmut           11%        N/A       10%         2
 Spider Form              Tmut/Pois      6%         N/A       32%         3
 Ice Form                 Ice/Tmut       9%         N/A       58%         4


Dungeon Overview and Level Annotations

Branches:
Dungeon (2/15)

Altars:

Shops:
D:2 (


Innate Abilities, Weirdness & Mutations

One of your tentacles has grown a beastly spike.
You cannot wear most types of armour.
You are amphibious.
You can wear up to eight rings at the same time.
Your skin changes colour to match your surroundings (Stealth+).
Your rubbery body absorbs attacks. (AC +1, EV +1)
((You are camouflaged when in or above water. (Stealth+)))
You have tentacles for arms and can constrict up to eight enemies at once.


Message History

You closely miss the orc. Your grab misses the orc.
You pierce the orc, but do no damage.
The orc is severely wounded.
Your transformation is almost over.
The bat closely misses you. The orc barely misses you.
You barely miss the orc. You grab the orc. You squeeze the orc.
You kill the orc!
The bat hits you but does no damage.
You closely miss the bat. Your grab misses the bat. The bat misses you.
The orc priest begins to cast a cantrip, but forgets the words!
The bat barely misses you. The orc completely misses you.
The orc priest hits you with a +0 hand axe.
Items here: $ ) [ †.
You take 3 damage, and have 17/23 hp.
You tentacle-slap the orc priest but do no damage.
Your grab misses the orc priest.
Your tentacle spike misses the orc priest.
You squeeze the orc priest.
The orc priest is lightly wounded.
The bat closely misses you. The orc hits you with a +0 hand axe.
The orc priest calls down the wrath of Beogh upon you.
Beogh smites you!
Ouch! That really hurt!
* * * LOW HITPOINT WARNING * * *
You take 15 damage, and have 2/23 hp.
MASSIVE DAMAGE!!
You barely miss the orc priest. You grab the orc priest.
You pierce the orc priest, but do no damage.
You squeeze the orc priest.
The orc priest is heavily wounded.
You constrict the orc priest. The bat hits you but does no damage.
The orc priest hits you with a +0 hand axe.
* * * LOW HITPOINT WARNING * * *
The orc closely misses you.
You take 1 damage, and have 1/23 hp.
You tentacle-slap the orc priest.
Your tentacle spike misses the orc priest.
The orc priest is severely wounded.
You constrict the orc priest. The bat closely misses you.
The orc hits you with a +0 hand axe.
You die...

#......##...## ....
#.o....##.o.# ....
#......##...# ...
#......#....#
######.#####......#....#
#.................#....#
..............#####....#
#........o....†........#
#.......@.b..............
#......<)o...............
#...................##.#.
#.............####### ###
#...............
######.......####
#.......# #.......#
########.


You could see an orc priest, an orc and a bat.

Vanquished Creatures
  2 orcs (D:2)
  5 bats
  An endoplasm (D:1)
  A giant cockroach (D:1)
  2 goblins (D:1)
  3 hobgoblins
  3 quokkas (D:1)
  2 kobolds (D:1)
19 creatures vanquished.

Notes
Turn   | Place    | Note
-------+----------+-------------------------------------------
     0 | D:1      | Dirtsage the Octopode Transmuter began the quest for the
                  | Orb.
     0 | D:1      | Reached XP level 1. HP: 13/13 MP: 3/3
   180 | D:1      | Reached skill level 1 in Ice Magic
   180 | D:1      | Reached XP level 2. HP: 18/18 MP: 5/5
   877 | D:2      | Found Makh's Weapon Shop.
   966 | D:2      | Reached XP level 3. HP: 23/23 MP: 4/6
   972 | D:2      | HP: 1/23 [orc priest/+0 hand axe (1)]
   973 | D:2      | Slain by an orc

Illustrated notes

Levels and vault maps discovered:
D:1:      dpeg_arrival_water_temple_mockup, layout_basic
D:2:      layout_basic, basic_altar, serial_shops,
          nicolae_shop_bloodbath_and_beyond

Skill      XL: |  1 |
---------------+----+-----
Ice Magic      | 1 |  1.7
Fighting       | |  1.0
Dodging        | |  2.0
Unarmed Combat | |  3.0
Spellcasting   | |  2.0
Transmutations | |  2.8

Action                   || total
-------------------------++-------
Melee: Unarmed           ||    46
       Tentacles         ||    17
       Constrict         ||    14
       Kick              ||     6
       Punch             ||     3
 Cast: Beastly Appendage ||     7
 Stab: Sleeping          ||     1
Armor: Skin              ||    11
Dodge: Dodged            ||    51

Table legend: (Time is in decaauts)
 A = Elapsed time spent in this place.
 B = Non-inter-level travel time spent in this place.
 C = Inter-level travel time spent in this place.
 D = Time resting spent in this place.
 E = Time spent auto-exploring this place.
 F = Levels seen in this place.
 G = Mean time per level.
                   A        B        C        D        E       F      G
               +--------+--------+--------+--------+--------+-----+--------+
         Total |    970 |    939 |     31 |      0 |    785 |   2 |  485.0 |
       Dungeon |    970 |    939 |     31 |      0 |    785 |   2 |  485.0 |
               +--------+--------+--------+--------+--------+-----+--------+

Top non-repeatable levels by time:
     D:1: 848 daAuts
     D:2: 122 daAuts
